 Dungeon Crawl Stone Soup version 0.27-a0-1277-g3808f8b1c9 (webtiles) character file.

Game seed: 14293671189813895418

2883 Deividuxc the Cleaver (level 9, 71/81 HPs)
             Began as a Deep Dwarf Berserker on May 31, 2021.
             Was a Believer of Trog.
             Quit the game on level 6 of the Dungeon on June 12, 2021.
             The game lasted 00:22:31 (5342 turns).

Deividuxc the Cleaver (Deep Dwarf Berserker)        Turns: 5342, Time: 00:22:32

Health: 71/81      AC: 16    Str: 25    XL:     9   Next: 48%
Magic:  9/9        EV:  6    Int:  7    God:    Trog [**....]
Gold:   235        SH: 22    Dex: 12    Spells: 8/8 levels left

rFire    . . .     SeeInvis .   a - +0 hand axe
rCold    . . .     Faith    .   n - +1 tower shield
rNeg     . . .     Spirit   .   o - +0 chain mail
rPois    +         Reflect  +   (no helmet)
rElec    .         Harm     .   (no cloak)
rCorr    .         Rampage  .   w - +0 pair of gloves
Will     +....                  x - +0 pair of boots
Stlth    ..........             l - amulet of reflection
HPRegen  0.00/turn              g - +4 ring of protection
MPRegen  0.11/turn              i - ring of poison resistance

@: mighty
A: damage resistance, heal wounds, sense surroundings 2, no regeneration
a: Heal Wounds, Renounce Religion, Berserk, Trog's Hand


You were on level 6 of the Dungeon.
You worshipped Trog.
Trog was pleased with you.
You visited 1 branch of the dungeon, and saw 6 of its levels.

You collected 235 gold pieces.

Inventory:

Hand Weapons
 a - a +0 hand axe (weapon)
Armour
 n - a +1 tower shield (worn)
 o - a +0 chain mail (worn)
 w - a +0 pair of gloves (worn)
 x - a +0 pair of boots (worn)
Jewellery
 g - a +4 ring of protection (left hand)
 i - a ring of poison resistance (right hand)
 l - an amulet of reflection (around neck)
 q - a +6 ring of strength
Wands
 h - a wand of polymorph (19)
 v - a wand of flame (5)
Scrolls
 b - 7 scrolls of identify
 d - a scroll of teleportation
 f - a scroll of fear
 s - a scroll of torment
 t - a scroll of fog
 u - a scroll of blinking
Potions
 c - 3 potions of heal wounds
 j - 2 potions of curing
 k - a potion of flight
 r - 2 potions of haste


   Skills:
 + Level 5.5 Fighting
 + Level 9.5 Axes
 + Level 6.0 Armour
 + Level 4.4 Dodging
 + Level 1.8 Stealth
 + Level 6.4 Shields


You had 8 spell levels left.
You didn't know any spells.
Your spell library was empty.

Dungeon Overview and Level Annotations

Branches:
Dungeon (6/15)             Temple (0/1) D:4

Altars:
Elyvilon
Ru
Sif Muna
Uskayaw

Shops:
D:2 !


Innate Abilities, Weirdness & Mutations

You are resistant to damage.
You can heal yourself by infusing magical energy.
You passively map the area around you.
You do not regenerate.


Message History

You see here a ball python skeleton.
Done exploring.
Done exploring.
Done exploring.
Done exploring.
Done exploring.
Done exploring.
Done exploring.
Done exploring.
It was a potion of curing.
You feel better.
It was a potion of flight.
You feel very buoyant.
You fly up into the air.
It was a potion of might.
You feel very mighty all of a sudden.
It was a potion of magic.
Magic courses through your body.
It was a potion of lignification.
You turn into a tree.
Your +0 pair of gloves melds into your body.
Your +0 pair of boots melds into your body.
Your +0 chain mail melds into your body.
Your roots penetrate the ground.
You start waiting.
Your transformation is almost over.
You start waiting.
You feel less wooden.
Your +0 pair of gloves unmelds from your body.
Your +0 pair of boots unmelds from your body.
Your +0 chain mail unmelds from your body.
Okay, then.
Okay, then.
Drop what? 22/52 slots (_ for help) (? for menu, Esc to quit)
Okay, then.
Drop what? 22/52 slots (_ for help) (? for menu, Esc to quit)
You drop 3 potions of degeneration.
Cleave: a) +0 hand axe
Press: ? - help, Dir - move target
Okay, then.
Done exploring.
There is a stone staircase leading down here.
Are you sure you want to abandon this character and quit the game? (Confirm with "yes".)

>..###.###...###.........##......
....#...#.....#..........##......
................................#
#..###..........................#
#...##.........))...............≈
###...<........>................≈
.##..........##..................
.............##....##...........≈
...........#....@..##...........≈
..........##....................#
.....#.##.###.#.#...............#
....##..#.# #...##...<..#....#...
..........###....#.....##.......#
....................##.##........
....................#...##.......
.........##.......###...##.......
.......#.#...#.##.#..............


There were no monsters in sight!

Vanquished Creatures
  A two-headed ogre (D:4)
  Sigmund (D:4)
  Eustachio (D:5)
  Edmund (D:5)
  Menkaure (D:5)
  4 water moccasins
  An ice beast (D:6)
  A sky beast (D:6)
  2 centaurs
  A scorpion (D:5)
  A water moccasin zombie (D:4)
  A water moccasin skeleton (D:5)
  A centaur zombie (D:6)
  A bullfrog zombie (D:5)
  3 orc priests
  3 jellies
  3 hounds
  A scorpion zombie (D:5)
  3 iguanas
  3 orc wizards
  2 hound skeletons (D:4)
  Robin (D:4)
  A howler monkey skeleton (D:5)
  5 adders
  3 white imps
  5 worms
  2 dart slugs
  25 orcs
  8 ball pythons
  11 endoplasms
  4 giant cockroaches
  16 goblins
  11 hobgoblins
  5 jackals
  A quokka (D:1)
  12 bats
  5 frilled lizards
  14 kobolds
  6 rats
171 creatures vanquished.

Vanquished Creatures (others)
  12 fungi (D:4)
  13 plants
25 creatures vanquished.

Grand Total: 196 creatures vanquished

Notes
Turn   | Place    | Note
-------+----------+-------------------------------------------
     0 | D:1      | Deividuxc the Deep Dwarf Berserker began the quest for the
                  | Orb.
     0 | D:1      | Reached XP level 1. HP: 20/20 MP: 1/1
   187 | D:1      | Reached XP level 2. HP: 17/27 MP: 2/2
   379 | D:1      | Reached skill level 4 in Axes
   900 | D:2      | Reached XP level 3. HP: 34/34 MP: 3/3
   946 | D:2      | Reached ** piety under Trog
  1049 | D:2      | Found a faded altar of an unknown god.
  1530 | D:2      | Reached XP level 4. HP: 42/42 MP: 4/4
  1653 | D:2      | Found Xeatiop's Distillery.
  2209 | D:3      | Reached skill level 5 in Axes
  2209 | D:3      | Reached XP level 5. HP: 33/49 MP: 5/5
  2238 | D:3      | Found a hide-covered altar of Uskayaw.
  2240 | D:3      | Found a shimmering blue altar of Sif Muna.
  2245 | D:3      | Found a sacrificial altar of Ru.
  2247 | D:3      | Found a white marble altar of Elyvilon.
  2519 | D:4      | Found a staircase to the Ecumenical Temple.
  2547 | D:4      | Reached skill level 1 in Stealth
  2593 | D:4      | Noticed a two-headed ogre
  2755 | D:4      | Killed a two-headed ogre
  2756 | D:4      | Reached skill level 7 in Axes
  2756 | D:4      | Reached XP level 6. HP: 57/57 MP: 6/6
  2756 | D:4      | Reached XP level 7. HP: 64/64 MP: 7/7
  2818 | D:4      | Noticed Robin
  2829 | D:4      | Killed Robin
  2943 | D:4      | Reached *** piety under Trog
  2945 | D:4      | Reached skill level 5 in Armour
  2945 | D:4      | Reached skill level 1 in Shields
  2945 | D:4      | Reached XP level 8. HP: 72/72 MP: 8/8
  2947 | D:4      | Reached skill level 8 in Axes
  3022 | D:4      | Noticed Sigmund
  3048 | D:4      | Killed Sigmund
  3559 | D:5      | Entered Level 5 of the Dungeon
  3586 | D:5      | Noticed Menkaure
  3598 | D:5      | Killed Menkaure
  3990 | D:5      | Noticed Edmund
  4009 | D:5      | Killed Edmund
  4010 | D:5      | Reached skill level 9 in Axes
  4028 | D:5      | Noticed Eustachio
  4144 | D:5      | Killed Eustachio
  4145 | D:5      | Gained mutation: You passively map the area around you.
                  | [Deep Dwarf growth]
  4145 | D:5      | Reached XP level 9. HP: 59/80 MP: 9/9
  4213 | D:5      | Reached skill level 5 in Shields
  4384 | D:5      | Upgraded the game from 0.27-a0-1200-g94dc6ad4cf to
                  | 0.27-a0-1277-g3808f8b1c9
  4417 | D:6      | Reached skill level 5 in Fighting
  5342 | D:6      | Quit the game

Illustrated notes

Levels and vault maps discovered:
D:1:      erik_arrival_blinker_ship, layout_basic, grunt_decor_fettered
D:2:      layout_basic, chequers_ecumenical_altar_simple_redux, serial_shops,
          shop_fountains, serial_park_tiny_pond, lexackson_kobold_supper
D:3:      kennysheep_six_static_rooms, layout_rooms, grunt_temple_overflow_open
D:4:      layout_rooms, minmay_temple_entry_junction, serial_aquarium,
          aquarium_bridge_square [aquarium_subvault_bridge,
          aquarium_subvault_bridge, aquarium_subvault_window,
          aquarium_subvault_balcony], aquarium_window_corridor_3,
          aquarium_window_2, aquarium_view_2b, aquarium_view_2d,
          aquarium_balcony_3a, serial_bayou_pond_d, uniq_robin, uniq_sigmund
D:5:      layout_rooms, uniq_eustachio, uniq_edmund, uniq_menkaure
D:6:      layout_cave_pools, cheibrodos_sewer_entry_sluice

Skill      XL: |  1  2  3  4  5  6  7  8  9 |
---------------+----------------------------+-----
Fighting       | 3 4 5 |  5.5
Axes           | 4 5 7 9 |  9.5
Armour         | 3 4 5 6 |  6.0
Dodging        | 3 4 |  4.4
Stealth        | 1 |  1.8
Shields        | 1 4 6 |  6.4

Action                   |  1- 3 |  4- 6 |  7- 9 || total
-------------------------+-------+-------+-------++-------
Melee: Hand axe          |   136 |   143 |   434 ||   713
Invok: Berserk           |     2 |     1 |     7 ||    10
       Trog's Hand       |     3 |     4 |    21 ||    28
 Abil: Heal Wounds       |     1 |       |       ||     1
  Use: Scroll            |     3 |     2 |     3 ||     8
       Potion            |       |       |     5 ||     5
 Stab: Sleeping          |     1 |       |       ||     1
Armor: Animal skin       |     8 |       |       ||     8
       Ring mail         |    22 |    50 |    19 ||    91
       Chain mail        |       |       |   181 ||   181
Dodge: Dodged            |   100 |   105 |    88 ||   293
Block: Other             |       |     6 |     5 ||    11
       Tower shield      |       |       |   490 ||   490
       Reflection        |       |       |    11 ||    11

Table legend: (Time is in decaauts)
 A = Elapsed time spent in this place.
 B = Non-inter-level travel time spent in this place.
 C = Inter-level travel time spent in this place.
 D = Time resting spent in this place.
 E = Time spent auto-exploring this place.
 F = Levels seen in this place.
 G = Mean time per level.
                   A        B        C        D        E       F      G
               +--------+--------+--------+--------+--------+-----+--------+
         Total |   5538 |   5384 |    154 |   1331 |   2259 |   6 |  923.0 |
       Dungeon |   5538 |   5384 |    154 |   1331 |   2259 |   6 |  923.0 |
               +--------+--------+--------+--------+--------+-----+--------+

Top non-repeatable levels by time:
     D:2: 1060 daAuts
     D:4: 982 daAuts
     D:6: 967 daAuts
     D:5: 934 daAuts
     D:1: 904 daAuts
     D:3: 688 daAuts
